 Dungeon Crawl Stone Soup version 0.20-a0-1118-g35a2cd3 (console) character file.

14362 Gottschkopf the Thaumaturge (level 11, -3/67 HPs)
             Began as a Deep Elf Fire Elementalist on May 10, 2017.
             Was an Elder of Vehumet.
             Killed from afar by Josephine (6 damage)
             ... with a ghostly fireball
             ... on level 11 of the Dungeon.
             The game lasted 01:16:26 (14588 turns).

Gottschkopf the Thaumaturge (DEFE)                 Turns: 14588, Time: 01:16:26

Health: -3/67      AC: 13    Str:  5    XL:     11   Next: 87%
Magic:  11/29      EV: 13    Int: 24    God:    Vehumet [****..]
Gold:   593        SH:  5    Dex: 15    Spells: 8/34 levels left

rFire    . . .     SeeInvis .   y - +7 club
rCold    + + .     Gourm    .   S - +2 buckler
rNeg     . . .     Faith    +   t - +2 leather armour {rC+}
rPois    +         Spirit   .   p - +2 hat
rElec    .         Reflect  .   H - +0 cloak
rCorr    .         Harm     .   (no gloves)
MR       +....                  (no boots)
Stlth    +.........             K - amulet of faith
Regen    0.3/turn               e - ring of poison resistance
MPRegen  0.3/turn               N - +3 ring of protection

@: very slightly contaminated, heavily drained
A: horns 1, slimy green scales 1, cold resistance 1, wild magic 1
a: Renounce Religion


You were on level 11 of the Dungeon.
You worshipped Vehumet.
Vehumet was greatly pleased with you.
You were not hungry.

You visited 2 branches of the dungeon, and saw 13 of its levels.
You also visited: Sewer.

You collected 593 gold pieces.

Inventory:

Hand Weapons
 y - a +7 club (weapon)
 B - a +0 war axe of venom
 F - a +0 falchion of slicing
 Q - a +4 dagger
Missiles
 m - 256 arrows
Armour
 p - a +2 hat (worn)
 t - a +2 leather armour of cold resistance (worn)
 H - a +0 cloak (worn)
 R - a +0 troll leather armour
 S - a +2 buckler (worn)
Jewellery
 e - a ring of poison resistance (left hand)
 u - an uncursed ring of see invisible
 G - an uncursed ring of flight
 J - an uncursed ring of teleportation
 K - an amulet of faith (around neck)
 L - an uncursed ring of protection from cold
 N - a +3 ring of protection (right hand)
 T - an uncursed ring of resist corrosion
 Z - a cursed amulet of inaccuracy {unknown}
Wands
 a - a wand of flame (20/48)
 j - a wand of flame (7/48)
 I - a wand of polymorph (13/24)
 W - a wand of random effects (22/48)
Scrolls
 d - 2 scrolls of enchant armour {unknown}
 h - a scroll of teleportation
 o - 2 scrolls of recharging {unknown}
 q - a scroll of noise
 C - a scroll of blinking
 E - a scroll of enchant weapon
 M - 5 scrolls of magic mapping {unknown}
 V - a scroll of fog {unknown}
Potions
 f - 5 potions of berserk rage
 i - 5 potions of might
 n - 3 potions of agility
 r - 3 potions of lignification
 s - a potion of ambrosia {unknown}
 v - 3 potions of curing
 w - a potion of resistance
 x - 2 potions of mutation {unknown}
 z - 2 potions of flight {unknown}
 D - 3 potions of degeneration {unknown}
 X - a potion of heal wounds
Books
 b - a book of Flames

   Spells                             Type                      Level
   a - Flame Tongue                   Conjuration/Fire             1
   b - Throw Flame                    Conjuration/Fire             2
   c - Conjure Flame                  Conjuration/Fire             3
   d - Inner Flame                    Hexes/Fire                   3
   e - Sticky Flame                   Conjuration/Fire             4
   f - Fireball                       Conjuration/Fire             5
 A - a book of Changes

   Spells                             Type                      Level
   a - Beastly Appendage              Transmutation                1
   b - Sticks to Snakes               Transmutation                2
   c - Spider Form                    Transmutation/Poison         3
   d - Ice Form                       Ice/Transmutation            4
   e - Blade Hands                    Transmutation                5
 O - a book of Conjurations

   Spells                             Type                      Level
   a - Magic Dart                     Conjuration                  1
   b - Searing Ray                    Conjuration                  2
   c - Dazzling Spray                 Conjuration/Hexes            3
   d - Fulminant Prism                Conjuration/Hexes            4
   e - Force Lance                    Conjuration/Translocation    4
   f - Iskenderun's Mystic Blast      Conjuration                  4
 Y - a book of Maledictions

   Spells                             Type                      Level
   a - Corona                         Hexes                        1
   b - Ensorcelled Hibernation        Hexes/Ice                    2
   c - Confuse                        Hexes                        3
   d - Tukima's Dance                 Hexes                        3
   e - Dazzling Spray                 Conjuration/Hexes            3
Miscellaneous
 P - a lamp of fire
Comestibles
 c - 7 bread rations
 g - 7 meat rations
 k - 10 fruits
 l - 15 royal jellies
 U - 4 chunks of flesh


   Skills:
 - Level 7.0(5.0) Fighting
 - Level 6.8(4.8) Dodging
 - Level 2.4(0.6) Stealth
 * Level 12.4(10.0) Spellcasting
 - Level 10.5(8.3) Conjurations
 - Level 3.5(1.6) Hexes
 + Level 2.4(0.6) Charms
 - Level 10.4(8.2) Fire Magic


You had 8 spell levels left.
You knew the following spells:

 Your Spells              Type           Power        Failure   Level  Hunger
a - Flame Tongue          Conj/Fire      #####        1%          1    None
b - Throw Flame           Conj/Fire      ######       1%          2    None
c - Conjure Flame         Conj/Fire      ######..     1%          3    None
d - Sticky Flame          Conj/Fire      ######..     2%          4    #......
e - Fireball              Conj/Fire      ######....   5%          5    ####...
f - Throw Frost           Conj/Ice       #####.       1%          2    None
g - Fulminant Prism       Conj/Hex       #####.....   7%          4    #......
h - Iskenderun's Battles  Conj/Chrm      #####...     21%         5    ####...


Dungeon Overview and Level Annotations

Branches:
Dungeon (12/15)            Temple (1/1) D:7            Lair (0/6) D:8
    Orc: D:9-12

Altars:
Ashenzari
Cheibriados
Dithmenos
Elyvilon
Fedhas
Gozag
Hepliaklqana
Kikubaaqudgha
Makhleb
Nemelex Xobeh
Okawaru
Qazlal
Ru
Sif Muna
Trog
Uskayaw
Vehumet
Wu Jian
Xom
Yredelemnul
Zin
The Shining One

Shops:
D:11 (

Annotations:
D:11 Josephine


Innate Abilities, Weirdness & Mutations

You have a pair of small horns on your head.
You are partially covered in slimy green scales. (AC +2)
Your flesh is cold resistant. (rC+)
Your spells are a little harder to cast, but a little more powerful.


Message History

Confirm with . or Enter, or press ? or * to list all spells.
Aiming: Fireball
Press: ? - help, Shift-Dir - straight line, p - Josephine
Okay, then.
You feel much better.
The tengu conjurer gestures wildly while chanting.
A battlesphere comes into view.
Josephine screams, "I have something special for you."
Some of the chunks of flesh in your inventory have rotted away.
Josephine casts a spell at you.
The ghostly flame explodes!
The ghostly fireball engulfs you!
You feel drained.
* * * LOW HITPOINT WARNING * * *
You hear a shout!
Josephine gestures at you while chanting.
The ghostly flame explodes!
The ghostly fireball engulfs you!
You feel drained.
* * * LOW HITPOINT WARNING * * *
You hear a shout!
Josephine gestures at you while chanting.
The ghostly flame explodes!
The ghostly fireball engulfs you!
You feel drained.
You die...

.###....##.# .# #.#..##.# .#
#.#..##.# .###.#..##.####
.....#..#.<...####
.#####...........####### .#
#.##..##...........
.#####.##..#####.#######.#
...........# #@#### #.#
.......##.## #....# #.#
......###.# ####.## #.# #####.#
#.# ##...###.# ....#.# #)#
##.#.#@##.#
###.#.###.######.##.##W#.########
....#..................W.........
..........######.##.##.#.#######.
..........## ##.#.#.##.# #.


You could see Josephine and 2 wraiths.

Vanquished Creatures
  Erolcha (D:9)
  2 two-headed ogres
  An unseen horror (D:11)
  An ugly thing (D:11)
  A cyclops (D:10)
  2 statues (D:10)
  2 trolls
  Prince Ribbit (D:8)
  3 hippogriffs (D:11)
  A wyvern (D:10)
  4 wraiths (D:11)
  22 yaks
  A hungry ghost (D:8)
  A sky beast (D:6)
  5 porcupines (D:8)
  2 ice beasts
  An orc warrior (D:11)
  4 black bears
  An eye of draining (D:10)
  A necrophage (D:5)
  The ghost of yrara the Skirmisher, an amateur DsFi (D:5)
  4 ogres
  2 phantoms
  3 centaurs
  A crocodile (Sewer)
  2 big kobolds (D:9)
  3 bullfrogs
  A gnoll sergeant (D:9)
  A water moccasin skeleton (D:8)
  5 scorpions
  4 killer bees (D:10)
  A crimson imp (D:9)
  6 howler monkeys
  A centaur zombie (D:11)
  6 jellies
  3 hounds
  A centaur skeleton (D:10)
  7 orc priests
  9 orc wizards
  Ijyb (D:3)
  Crazy Yiuf (D:6)
  3 iguanas
  6 worker ants
  Terence (D:3)
  A killer bee zombie (D:8)
  2 hound zombies
  4 hound skeletons (D:4)
  Robin (D:3)
  A worker ant zombie (D:10)
  13 gnolls
  11 adders
  A shadow imp (D:9)
  5 oozes (D:9)
  3 adder zombies
  2 adder skeletons
  4 worms
  12 dart slugs
  3 leopard geckos
  41 orcs
  8 giant cockroaches
  9 hobgoblins
  2 jackals
  4 quokkas
  4 ball pythons
  9 bats
  6 frilled lizards
  14 goblins
  9 kobolds
  12 rats
  6 bushes (D:10)
  A plant (D:8)
318 creatures vanquished.

Vanquished Creatures (others)
  A bullfrog (D:7)
  11 fulminant prisms (D:10)
  27 fungi (D:8)
  A plant (D:8)
40 creatures vanquished.

Grand Total: 358 creatures vanquished

Notes
Turn   | Place    | Note
-------+----------+-------------------------------------------
     0 | D:1      | Gottschkopf the Deep Elf Fire Elementalist began the quest for the Orb.
     0 | D:1      | Reached XP level 1. HP: 10/10 MP: 6/6
   388 | D:1      | Reached skill level 4 in Spellcasting
   388 | D:1      | Reached XP level 2. HP: 5/15 MP: 3/9
   392 | D:1      | Learned a level 2 spell: Throw Flame
  1663 | D:2      | Reached XP level 3. HP: 19/19 MP: 8/11
  1673 | D:2      | Learned a level 3 spell: Conjure Flame
  1739 | D:2      | Reached skill level 5 in Spellcasting
  2469 | D:3      | Reached XP level 4. HP: 20/24 MP: 7/13
  2476 | D:3      | Learned a level 4 spell: Sticky Flame
  2636 | D:3      | Reached skill level 6 in Spellcasting
  2669 | D:3      | Noticed Terence
  2674 | D:3      | Killed Terence
  3019 | D:3      | Noticed Ijyb
  3029 | D:3      | Noticed Robin
  3062 | D:3      | HP: 1/24 [goblin/sling bullet[Robin] (6)]
  3392 | D:3      | Reached XP level 5. HP: 21/28 MP: 6/16
  3399 | D:3      | Learned a level 5 spell: Fireball
  3825 | D:3      | Killed Robin
  3989 | D:3      | Killed Ijyb
  4549 | D:4      | Reached XP level 6. HP: 32/32 MP: 10/17
  4809 | D:4      | Found a sacrificial altar of Ru.
  4856 | D:4      | Found a glowing drain.
  4867 | Sewer    | Entered a sewer
  5237 | D:4      | Reached skill level 5 in Fire Magic
  5261 | D:4      | Reached skill level 5 in Conjurations
  5434 | D:4      | Reached XP level 7. HP: 36/36 MP: 13/18
  5756 | D:5      | Entered Level 5 of the Dungeon
  5772 | D:5      | Noticed yrara's ghost (amateur DsFi)
  6278 | D:5      | Killed yrara's ghost
  6938 | D:6      | Reached XP level 8. HP: 33/41 MP: 10/19
  7503 | D:6      | Gained mutation: You are resistant to hostile enchantments. (MR+) [mutagenic meat]
  7505 | D:6      | Gained mutation: You have a pair of small horns on your head. [mutagenic meat]
  7506 | D:6      | Gained mutation: Your spells are a little harder to cast, but a little more powerful. [mutagenic meat]
  7507 | D:6      | Lost mutation: You are resistant to hostile enchantments. (MR+) [mutagenic meat]
  7508 | D:6      | Gained mutation: Your flesh is cold resistant. (rC+) [mutagenic meat]
  7867 | D:6      | Found a runed door.
  7871 | D:6      | Noticed Crazy Yiuf
  7873 | D:6      | Killed Crazy Yiuf
  7873 | D:6      | Reached skill level 7 in Spellcasting
  8129 | D:7      | Reached skill level 8 in Spellcasting
  8419 | D:7      | Found a staircase to the Ecumenical Temple.
  8428 | Temple   | Entered the Ecumenical Temple
  8454 | Temple   | Became a worshipper of Vehumet
  8755 | D:7      | Reached skill level 9 in Spellcasting
  8856 | D:7      | Found a glowing silver altar of Zin.
  8857 | D:7      | Found a hazy altar of Hepliaklqana.
  8861 | D:7      | Found a burning altar of Makhleb.
  8861 | D:7      | Found a snail-covered altar of Cheibriados.
  8875 | D:7      | Found an iron altar of Okawaru.
  8876 | D:7      | Found a sparkling altar of Nemelex Xobeh.
  9032 | D:8      | Reached XP level 9. HP: 43/45 MP: 14/24
  9507 | D:8      | Reached skill level 10 in Spellcasting
  9516 | D:8      | Noticed Prince Ribbit
  9523 | D:8      | Killed Prince Ribbit
  9681 | D:8      | Reached * piety under Vehumet
  9681 | D:8      | Offered knowledge of Shock by Vehumet.
  9857 | D:8      | Found a staircase to the Lair.
 10030 | D:8      | Noticed a two-headed ogre
 10040 | D:8      | Killed a two-headed ogre
 10040 | D:8      | Reached skill level 11 in Spellcasting
 10040 | D:8      | Reached XP level 10. HP: 50/50 MP: 12/27
 10288 | D:9      | Reached ** piety under Vehumet
 10288 | D:9      | Offered knowledge of Throw Frost by Vehumet.
 10288 | D:9      | Reached skill level 10 in Conjurations
 10628 | D:9      | Reached skill level 10 in Fire Magic
 11155 | D:9      | Noticed Erolcha
 11183 | D:8      | Learned a level 2 spell: Throw Frost
 11266 | D:9      | Killed Erolcha
 11416 | D:9      | Offered knowledge of Static Discharge by Vehumet.
 11595 | D:9      | Reached *** piety under Vehumet
 11814 | D:10     | Entered Level 10 of the Dungeon
 12186 | D:10     | Noticed an archer statue
 12190 | D:10     | Noticed a cyclops
 12193 | D:10     | Reached XP level 11. HP: 55/55 MP: 11/28
 12194 | D:10     | Reached skill level 1 in Fighting
 12287 | D:10     | Learned a level 4 spell: Fulminant Prism
 12465 | D:10     | Noticed a two-headed ogre
 12467 | D:10     | Killed a two-headed ogre
 12504 | D:10     | Offered knowledge of Ignite Poison by Vehumet.
 12813 | D:10     | Noticed an archer statue
 13025 | D:10     | HP: 2/60 [archer statue/arrow (20)]
 13026 | D:10     | Killed an archer statue
 13210 | D:10     | Killed an archer statue
 13292 | D:11     | Found Ohuariq's Antique Weapon Shop.
 13636 | D:10     | Reached skill level 5 in Fighting
 13683 | D:11     | Reached **** piety under Vehumet
 13686 | D:11     | Noticed a green ugly thing
 13817 | D:11     | Killed a green ugly thing
 13821 | D:11     | Gained mutation: You are partially covered in slimy green scales. (AC +2) [mutagenic meat]
 14031 | D:11     | Offered knowledge of Iskenderun's Battlesphere by Vehumet.
 14038 | D:11     | Learned a level 5 spell: Iskenderun's Battlesphere
 14539 | D:11     | Reached skill level 12 in Spellcasting
 14540 | D:11     | Noticed Josephine
 14540 | D:11     | Killed an unseen horror
 14586 | D:11     | HP: 3/67 [Josephine/ghostly fireball (16)]
 14588 | D:11     | Killed from afar by Josephine

Vault maps used:
D:1:      nicolae_arrival_somewhat_less_tricky_arrival
D:2:      hangedman_decor_slide_cut
D:3:      kennysheep_slugbush, first_bread, uniq_robin, uniq_ijyb, uniq_terence
D:4:      minmay_diamond_boxcup, cheibrodos_sewer_entry_drain,
          nicolae_ru_the_path_less_chosen
D:6:      uniq_crazy_yiuf_cottage
D:7:      grunt_temple_overflow_open, minmay_temple_entry_grid,
          minmay_checkerbox
D:8:      due_lair_maze_entry_diamond, uniq_prince_ribbit1
D:9:      hangedman_little_slice_of_home, uniq_erolcha
D:10:     minmay_dual_archer_statues
D:11:     minmay_tile_spiral, serial_shops, shop, uniq_josephine, uniq_urug
D:12:     david_orc_3, uniq_sonja
Temple:   nicolae_temple_elliptical
Sewer:    sewer_big_baddie

Skill      XL: |  1  2  3  4  5  6  7  8  9 10 11 |
---------------+----------------------------------+-----
Spellcasting   | 4 5 6 9 11 12 | 12.4
Conjurations   | 2 3 5 6 7 9 10 | 10.5
Fire Magic     | 4 5 6 7 9 10 | 10.4
Dodging        | 6 |  6.8
Fighting       | 7 |  7.0
Hexes          | 3 |  3.5
Charms         | 2 |  2.4
Stealth        | |  2.4

Action                   |  1- 3 |  4- 6 |  7- 9 | 10-12 || total
-------------------------+-------+-------+-------+-------++-------
Melee: Spear             |     1 |     3 |       |       ||     4
       Mace              |     1 |       |       |       ||     1
       War axe           |       |       |     1 |     1 ||     2
       Club              |       |       |       |     4 ||     4
       Headbutt          |       |       |       |     2 ||     2
 Cast: Flame Tongue      |    66 |   120 |   199 |   203 ||   588
       Throw Flame       |     9 |    37 |    44 |    18 ||   108
       Sticky Flame      |       |     3 |    12 |    23 ||    38
       Fireball          |       |     1 |    16 |    36 ||    53
       Throw Frost       |       |       |       |     2 ||     2
       Conjure Flame     |       |       |       |     1 ||     1
       Fulminant Prism   |       |       |       |    11 ||    11
       Iskenderun's Batt |       |       |       |     1 ||     1
  Use: Scroll            |     3 |     8 |     4 |     4 ||    19
       Potion            |       |       |     1 |     1 ||     2
 Stab: Sleeping          |       |       |     1 |       ||     1
  Eat: Chunk             |     4 |    10 |    23 |    18 ||    55
       Fruit             |       |       |       |     2 ||     2
Armor: Robe              |     3 |    10 |     1 |       ||    14
       Leather armour    |       |       |    17 |    33 ||    50
Dodge: Dodged            |    10 |    35 |    49 |    89 ||   183
Block: Buckler           |       |       |       |    32 ||    32
